 Dungeon Crawl Stone Soup version 0.31.0-11-ge490571c62 (webtiles) character file.

Game seed: 5396879469199128761

89 Minsecho the Firebug (level 4, 0/41 HPs)
             Began as an Oni Fire Elementalist on Feb 9, 2024.
             Killed from afar by an orc wizard (9 damage)
             ... with a magic dart
             ... on level 3 of the Dungeon.
             The game lasted 00:04:23 (2514 turns).

Minsecho the Firebug (Oni Fire Elementalist)        Turns: 2514, Time: 00:04:23

Health: 0/41       AC:  3    Str: 12 (14) XL:     4   Next: 55%
Magic:  7/8        EV:  9    Int: 13 (16) God:
Gold:   64         SH:  0    Dex:  7 (9)  Spells: 6/9 levels left

rFire   + . .        d - +2 hand axe (holy)
rCold   + . .        (no shield)
rNeg    . . .        a - +0 robe
rPois   +            (helmet restricted)
rElec   +            (no cloak)
rCorr   +            (gloves unavailable)
SInv    .            (boots unavailable)
Will    .....        (no amulet)
Stlth   +            (no ring)
HPRegen 0.26/turn    (no ring)
MPRegen 0.11/turn

%: no passive effects
@: resistant, attractive, hasted, very quick
A: large, unfitting armour, horns 1, tough skin 1, double potion healing,
drunken brawling
a: no special abilities


You were on level 3 of the Dungeon.
You visited 1 branch of the dungeon, and saw 3 of its levels.

You collected 64 gold pieces.

Inventory:

Hand Weapons
 d - a +2 hand axe of holy wrath (weapon)
Missiles
 q - a throwing net
Armour
 a - a +0 robe (worn)
Jewellery
 n - an amulet of faith
Wands
 l - a wand of light (13)
Scrolls
 f - a scroll of acquirement {unknown}
 g - 2 scrolls of immolation {unknown}
 h - a scroll of brand weapon {unknown}
 i - 3 scrolls of identify {unknown}
 k - 2 scrolls of blinking {unknown}
 p - a scroll of enchant armour {unknown}
 r - a scroll of enchant weapon {unknown}
Potions
 b - a potion of magic
 e - 2 potions of degeneration


   Skills:
 + Level 1.0 Fighting
 * Level 1.3 Maces & Flails
 + Level 1.9 Dodging
 + Level 1.8 Stealth
 + Level 3.1 Spellcasting
 + Level 1.0 Conjurations
 + Level 3.4 Fire Magic
 * Level 1.0 Invocations


You had 6 spell levels left.
You knew the following spells:

 Your Spells              Type           Power      Damage    Failure   Level
a - Foxfire               Conj/Fire      28%        2x1d5     9%          1
c - Scorch                Fire           20%        2d5       9%          2

Your spell library contained the following spells:

 Spells                   Type           Power      Damage    Failure   Level
 Inner Flame              Hex/Fire       6%         N/A       32%         3
 Volatile Blastmotes      Fire/Tloc      12%        2d11      32%         3
 Call Imp                 Summ           4%         N/A       34%         2
 Sublimation of Blood     Necr           2%         N/A       34%         2
 Call Canine Familiar     Summ           2%         N/A       56%         3
 Sigil of Binding         Hex            2%         N/A       56%         3
 Flame Wave               Conj/Fire      7%         2d5       65%         4
 Dimensional Bullseye     Hex/Tloc       1%         N/A       92%         4
 Plasma Beam              Fire/Air       3%         2x1d13    100%        6
 Starburst                Conj/Fire      3%         6d3       100%        6
 Summon Hydra             Summ           1%         N/A       100%        7


Dungeon Overview and Level Annotations

Branches:
Dungeon (3/15)

Altars:
Ashenzari


Innate Abilities, Weirdness & Mutations

You are too large for most types of armour.
You have a pair of small horns on your head.
You have tough skin. (AC +1)
You gain doubled healing and magic from potions.
Whenever you drink a healing potion, you attack all around you.


Message History

You completely miss the orc wizard.
The orc wizard is heavily wounded.
The orc wizard hits you but does no damage.
You hit the orc wizard but do no damage.
The orc wizard is heavily wounded.
You bump into the rock wall.
The orc wizard hits you but does no damage.
You bump into the rock wall.
The orc wizard casts a spell at you. The puff of flame hits you. You resist.
You hit the orc wizard but do no damage.
The orc wizard is heavily wounded.
You hit the orc wizard but do no damage.
The orc wizard is heavily wounded.
The orc wizard points at you and mumbles some strange words.
The magic dart hits you!
* * * LOW HITPOINT WARNING * * *
You bump into the rock wall.
You feel less confused. The orc wizard closely misses you.
You hit the orc wizard.
The orc wizard is severely wounded.
The orc wizard hits you but does no damage.
Okay, then.
You closely miss the orc wizard.
The orc wizard is severely wounded.
The orc wizard casts a spell.
The orc wizard flickers and vanishes!
Deactivating autopickup; reactivate with Ctrl-A.
You barely miss something. Your headbutt misses something. You miss something.
Your headbutt misses something.
You hear some strange, mumbled words.
Something tries to affect you, but you resist.
You barely miss something. Something hits you but does no damage.
Okay, then.
You hit something but do no damage.
You hear some strange, mumbled words.
A magic dart appears from out of thin air!
The magic dart hits you!
You die...

.......#.#.# #.# #.
.......#...###..#
#.##.
oo#######.......##
#... . ##.......#
##.. #..#..... #...
#)##.#.## #.##.
#)##.# # #.###.
#{##.# .## #...#.
#@##.# ...####.#.
###.##.## #........
#...[...# ####>....#
#.......###........#
#.......#..........#
#..........≈≈.≈≈...)
#...........≈.≈....#
#.......#.≈.....≈..#
#.......#.≈≈..)≈≈..#


There were no monsters in sight!

Vanquished Creatures
  A hound (D:3)
  An adder (D:2)
  A ribbon worm (D:2)
  2 orcs (D:3)
  4 bats
  An endoplasm (D:3)
  2 goblins (D:3)
  7 hobgoblins
  3 jackals (D:1)
  4 kobolds
  4 quokkas
  6 ball pythons
  5 rats
41 creatures vanquished.

Vanquished Creatures (others)
  19 foxfires
19 creatures vanquished.

Grand Total: 60 creatures vanquished

Notes
Turn   | Place    | Note
-------+----------+-------------------------------------------
     0 | D:1      | Minsecho the Oni Fire Elementalist began the quest for the
                  | Orb.
     0 | D:1      | Reached XP level 1. HP: 16/16 MP: 3/3
     6 | D:1      | Noticed a scorpion
     6 | D:1      | Noticed a hog
     6 | D:1      | Noticed a black bear
     7 | D:1      | Noticed a swamp worm
     7 | D:1      | Noticed a swamp drake
    43 | D:1      | Found a faded altar of an unknown god.
   239 | D:1      | Reached XP level 2. HP: 19/24 MP: 3/5
  1104 | D:2      | Reached XP level 3. HP: 26/32 MP: 7/7
  1419 | D:2      | Learned a level 2 spell: Scorch
  2149 | D:3      | Reached skill level 1 in Maces & Flails
  2149 | D:3      | Reached skill level 1 in Conjurations
  2149 | D:3      | Reached skill level 1 in Invocations
  2149 | D:3      | Reached XP level 4. HP: 40/40 MP: 2/8
  2360 | D:3      | Found a broken altar of Ashenzari.
  2367 | D:3      | Reached skill level 1 in Fighting
  2514 | D:3      | Killed from afar by an orc wizard

Illustrated notes

Levels and vault maps discovered:
D:1:      onia_arrival_zoo_common, layout_loops_ring,
          shapermc_ecumenical_altar_mp_highgroup, chequers_avenue
D:2:      layout_loops_corners, serial_park_tiny_pond
D:3:      layout_rooms, mainiacjoe_overflow_small_starburst,
          kennysheep_small_spiral, hex_intersection

Skill      XL: |  1  2  3  4 |
---------------+-------------+-----
Fire Magic     | 3 |  3.4
Maces & Flails | 1 |  1.3
Spellcasting   | 3 |  3.1
Conjurations   | 1 |  1.0
Invocations    | 1 |  1.0
Fighting       | 1 |  1.0
Dodging        | |  1.9
Stealth        | |  1.8

Action                     |  1- 3 |  4- 6 || total
---------------------------+-------+-------++-------
  Melee: Hand axe          |    88 |    32 ||   120
         Unarmed           |     4 |       ||     4
         Headbutt          |    10 |     3 ||    13
   Cast: Foxfire           |    12 |       ||    12
         Scorch            |     6 |     6 ||    12
    Use: Potion            |       |     5 ||     5
   Stab: Sleeping          |     3 |       ||     3
 Armour: Robe              |    78 |    34 ||   112
  Dodge: Dodged            |    48 |     9 ||    57
